Match 24316123
Unlisted

Match 24316123
End
Panzergrenadier Squad
250 Light Carrier
Selects Italian Infantry
Panzergrenadier Squad
Construct Light Support Kompanie
Fire Support Elements
2.5-tonne Medical Truck
le.IG 18 Mechanized Group
Construct Mechanized Kompanie
Marder III Tank Destroyer
254 Reconnaissance Tractor
Veteran Squad Leaders
Flakvierling Half-track
Selects Guastatori Squad
Selects Registered Artillery
Marder III Tank Destroyer
Construct Panzerarmee Kommand
WeekendWargamer
FUBAR
KevlarTax
iceman
김라현
Viking Squad
giovannone
Han
0
0

Comments sign in to comment!

No comments posted yet!